 Dungeon Crawl Stone Soup version 0.31-a0-210-gccc998df9b (webtiles) character file.

Game seed: 6145045277287468768

46 qw the Shooter (level 3, -1/29 HPs)
             Began as a Minotaur Hexslinger on June 29, 2023.
             Slain by a hobgoblin (4 damage)
             ... on level 2 of the Dungeon.
             The game lasted 00:00:21 (669 turns).

qw the Shooter (Minotaur Hexslinger)                 Turns: 669, Time: 00:00:21

Health: -1/29      AC:  2    Str: 12    XL:     3   Next: 46%
Magic:  3/3        EV: 12    Int: 10    God:
Gold:   30         SH:  0    Dex: 14    Spells: 3/4 levels left

rFire   . . .        Y - +1 sling
rCold   . . .        (no shield)
rNeg    . . .        c - +0 robe
rPois   .            (helmet restricted)
rElec   .            (no cloak)
rCorr   .            (no gloves)
SInv    .            (no boots)
Will    .....        (no amulet)
Stlth   +            (no ring)
HPRegen 0.24/turn    (no ring)
MPRegen 0.08/turn

%: no passive effects
@: no status effects
A: horns 2, retaliatory headbutt
a: no special abilities


You were on level 2 of the Dungeon.
You visited 1 branch of the dungeon, and saw 2 of its levels.

You collected 30 gold pieces.


Innate Abilities, Weirdness & Mutations

You have a pair of horns on your head.
You reflexively headbutt those who attack you in melee.


   Skills:
 - Level 2.0 Fighting
 + Level 4.0 Ranged Weapons
 - Level 2.1 Dodging
 - Level 1.0 Spellcasting
 - Level 2.0 Hexes


You had 3 spell levels left.
You knew the following spells:

 Your Spells              Type           Power      Damage    Failure   Level
a - Slow                  Hex            16%        N/A       16%         1

Your spell library contained the following spells:

 Spells                   Type           Power      Damage    Failure   Level
 Inner Flame              Hex/Fire       2%         N/A       56%         3
 Portal Projectile        Hex/Tloc       4%         N/A       56%         3
 Cause Fear               Hex            2%         N/A       83%         4

Inventory:

Hand Weapons
 Y - a +1 sling (weapon)
Armour
 c - a +0 robe (worn)
Potions
 e - a potion of mutation {unknown}

Dungeon Overview and Level Annotations

Branches:
Dungeon (2/15)

Altars:


Message History

The sling bullet closely misses the adder.
You feel sick. The adder bites you. The adder closely misses you.
You shoot a sling bullet. The sling bullet hits the adder.
The adder is severely wounded.
You feel sick.
You are no longer poisoned.
The adder bites you. The adder closely misses you.
662 ||| READING scroll of teleportation.
As you read the scroll of teleportation, it crumbles to dust.
You feel strangely unstable. The adder bites you but does no damage.
You shoot a sling bullet.
The sling bullet closely misses the adder.
The adder barely misses you. The adder bites you.
You shoot a sling bullet. The sling bullet hits the adder.
You kill the adder!
Your surroundings suddenly seem different.
A hobgoblin and an endoplasm come into view.
Found a stone staircase leading down.
The hobgoblin shouts!
The endoplasm quivers.
Your Ranged Weapons skill increases to level 4!
You shoot a sling bullet.
The sling bullet barely misses the hobgoblin.
You shoot a sling bullet.
The sling bullet closely misses the hobgoblin.
The hobgoblin barely misses you.
You shoot a sling bullet. The sling bullet hits the endoplasm.
The endoplasm is heavily wounded.
The hobgoblin hits you. The endoplasm closely misses you.
You shoot a sling bullet. The sling bullet hits the endoplasm!
You kill the endoplasm!
The hobgoblin hits you but does no damage.
A frilled lizard comes into view.
You shoot a sling bullet. The frilled lizard hisses angrily.
The sling bullet hits the hobgoblin.
The hobgoblin is lightly wounded.
The hobgoblin hits you.
You die...

... l. #
#.. #. ..
#.###.#+#
#.......
#..#..g..#
#....>.@.#
.......#.#
##.#.## .#
# .. ###
#.........#


You could see a hobgoblin and a frilled lizard.

Vanquished Creatures
  An adder (D:2)
  3 dart slugs (D:1)
  2 ball pythons (D:1)
  5 endoplasms
  5 goblins
  2 hobgoblins (D:1)
  2 quokkas (D:1)
  3 bats (D:1)
  2 frilled lizards (D:1)
  3 kobolds (D:1)
  2 rats (D:1)
30 creatures vanquished.

Notes
Turn   | Place    | Note
-------+----------+-------------------------------------------
     0 | D:1      | qw the Minotaur Hexslinger began the quest for the Orb.
     0 | D:1      | Reached XP level 1. HP: 16/16 MP: 1/1
     0 | D:1      | 0 ||| qw: Version: 0.3-a-24-ga2abf7b
     0 | D:1      | 0 ||| qw: Game counter: 6962
     0 | D:1      | 0 ||| qw: Melee chars always use a shield: true
     0 | D:1      | 0 ||| qw: God list: Okawaru
     0 | D:1      | 0 ||| qw: Allow faded altars: false
     0 | D:1      | 0 ||| qw: Do Orc after clearing Dungeon:15 true
     0 | D:1      | 0 ||| qw: Do second Lair branch before Depths: true
     0 | D:1      | 0 ||| qw: Lair rune preference: random
     0 | D:1      | 0 ||| qw: Goals: Normal
     0 | D:1      | 0 ||| PLANNING D:1-11
    56 | D:1      | Reached skill level 3 in Ranged Weapons
    56 | D:1      | Reached XP level 2. HP: 13/23 MP: 2/2
   420 | D:1      | Reached XP level 3. HP: 24/29 MP: 3/3
   624 | D:1      | 624 ||| DROPPING ring of magical power.
   625 | D:1      | 625 ||| READING scroll labelled NOYL LEUXTIOL.
   626 | D:1      | 626 ||| READING scroll labelled FIQYD PAMIAN.
   627 | D:1      | 627 ||| READING 2 scrolls labelled JEUKHI GEIZIU.
   630 | D:1      | 630 ||| READING scroll labelled JIPSEKE BUYSIMELL.
   631 | D:1      | 631 ||| READING 3 scrolls labelled QUUQIVYWEU.
   632 | D:1      | 632 ||| DROPPING scroll of poison.
   633 | D:1      | 633 ||| DROPPING 2 scrolls of noise.
   661 | D:2      | HP: 6/29 [adder (4)]
   662 | D:2      | 662 ||| READING scroll of teleportation.
   665 | D:2      | Reached skill level 4 in Ranged Weapons
   667 | D:2      | HP: 3/29 [hobgoblin (3)]
   669 | D:2      | Slain by a hobgoblin

Levels and vault maps discovered:
D:1:      dpeg_arrival_pond, layout_basic, moated_statue
D:2:      layout_basic

Skill      XL: |  1  2  3 |
---------------+----------+-----
Ranged Weapons | 3 4 |  4.0
Fighting       | 2 |  2.0
Dodging        | |  2.1
Spellcasting   | |  1.0
Hexes          | |  2.0

Action                     || total
---------------------------++-------
   Fire: Sling             ||    96
    Use: Scroll            ||     6
 Armour: Robe              ||    12
  Dodge: Dodged            ||    37

Table legend:
 A = Non-vault XP
 B = Vault XP
 C = Vault XP percentage of total XP
 D = Non-vault monster count
 E = Vault monster count
 F = Vault count percentage of total count
                 A         B        C        D         E       F
            +---------+---------+-------+---------+---------+-------
      Total |      67 |       0 |   0.0 |      30 |       0 |   0.0
            +---------+---------+-------+---------+---------+-------
        D:1 |      50 |       0 |   0.0 |      27 |       0 |   0.0
        D:2 |      17 |       0 |   0.0 |       3 |       0 |   0.0
            +---------+---------+-------+---------+---------+-------
